 Dungeon Crawl Stone Soup version 0.24.0-1-gfbc8707122 (webtiles) character file.

Game seed: 15437804916329059078, levelgen mode: deterministic

40 stripedtigrrr the Skirmisher (level 3, 0/31 HPs)
             Began as a Centaur Chaos Knight on Oct 27, 2019.
             Was a Plaything of Xom.
             Slain by an adder (1 damage)
             ... on level 2 of the Dungeon.
             The game lasted 00:04:20 (966 turns).

stripedtigrrr the Skirmisher (Centaur Chaos Knight)  Turns: 966, Time: 00:04:21

Health: 0/31       AC:  7    Str: 14    XL:     3   Next: 30%
Magic:  3/3        EV:  9    Int: 11    God:    Xom [..*...]
Gold:   26         SH:  0    Dex:  9    Spells: 2/2 levels left

rFire    . . .     SeeInvis .   c - +1 hunting sling
rCold    . . .     Gourm    +   (no shield)
rNeg     . . .     Faith    .   a - +3 leather armour
rPois    .         Spirit   .   (no helmet)
rElec    .         Reflect  .   (no cloak)
rCorr    .         Harm     .   (no gloves)
MR       .....                  (no barding)
Stlth    ..........             j - amulet of the gourmand
HPRegen  0.10/turn              (no ring)
MPRegen  0.08/turn              (no ring)

@: lethally poisoned (0 -> -2), very quick
A: large, hooves 3, deformed body, speed 2, tough skin 3
a: Renounce Religion


You were on level 2 of the Dungeon.
You worshipped Xom.
You were a toy of Xom.
You were completely stuffed.

You visited 1 branch of the dungeon, and saw 2 of its levels.

You collected 26 gold pieces.

Inventory:

Hand Weapons
 c - a +1 hunting sling (weapon)
 f - a +0 hand axe
Missiles
 e - 13 bolts
 h - 42 stones (quivered)
 m - 49 arrows
 n - a throwing net
Armour
 a - a +3 leather armour (worn)
Jewellery
 j - an amulet of the gourmand (around neck)
Scrolls
 g - 3 scrolls of enchant armour
Potions
 i - a potion of resistance {unknown}
 o - a potion of degeneration {unknown}
Comestibles
 b - 5 rations
 d - 2 chunks of flesh


   Skills:
 + Level 3.6 Fighting
 * Level 0.7(1.1) Slings
 * Level 1.1(1.3) Throwing
 - Level 1.3 Armour
 + Level 0.6 Dodging
 + Level 3.4 Unarmed Combat


You had 2 spell levels left.
You didn't know any spells.
Your spell library was empty.

Dungeon Overview and Level Annotations

Branches:
Dungeon (2/15)

Altars:


Innate Abilities, Weirdness & Mutations

You have hooves in place of feet.
Armour fits poorly on your strangely shaped body.
You cover ground very quickly.
You have extremely tough skin. (AC +3)


Message History

The adder bites you but does no damage.
The frilled lizard bites you but does no damage.
You miss the frilled lizard. Your kick misses the frilled lizard.
The adder bites you but does no damage.
The frilled lizard bites you but does no damage.
The adder bites you but does no damage.
You miss the frilled lizard.
You feel sick. The adder bites you. The frilled lizard bites you.
* * * LOW HITPOINT WARNING * * *
The adder bites you.
* * * LOW HITPOINT WARNING * * *
The frilled lizard barely misses you.
You closely miss the frilled lizard. The adder bites you.
* * * LOW HITPOINT WARNING * * *
The frilled lizard bites you but does no damage.
The adder bites you but does no damage.
You barely miss the frilled lizard.
* * * LOW HITPOINT WARNING * * *
You feel sick. The adder bites you.
You die...

............#,,*,**********,,,*
###.#.........,...,,,,,,,,,,,,*
..#.#.#####.#.*#.#*******,,,,,*
.........##.#.##.# *,,,,,*
.........##......# *,,...*
..........#......# *,,..#*
..........#..(...# *,...#
.)#.#####.#....S.########....#
..#.#####.#.#.##@##...>.#....#
..#.##......#....l...........#
.##.##.##.######.##..........#***
.##.##.##.#.,,,#.###.....(.!..,,,
.#*.##.##.#.#*,#..,#.###(....#***
.#*,*#.##.#.######,#..........,,,
.#*,*#.##.#......#,#..^......#*,,
.#*,*#...........#,...l.......,,,
.#*,*#....##....####.##.######**,


You could see an adder and a frilled lizard.

Vanquished Creatures
  An adder (D:2)
  A leopard gecko (D:2)
  4 giant cockroaches (D:1)
  3 goblins
  4 hobgoblins (D:1)
  A jackal (D:2)
  2 kobolds (D:1)
  A ball python (D:1)
  5 bats (D:1)
  2 frilled lizards (D:1)
  6 rats (D:1)
30 creatures vanquished.

Notes
Turn   | Place    | Note
-------+----------+-------------------------------------------
     0 | D:1      | stripedtigrrr the Centaur Chaos Knight began the quest for
                  | the Orb.
     0 | D:1      | Reached XP level 1. HP: 19/19 MP: 1/1
    73 | D:1      | XOM: potion effect (berserk rage)
   182 | D:1      | Reached XP level 2. HP: 24/26 MP: 2/2
   265 | D:1      | Reached skill level 1 in Throwing
   604 | D:1      | XOM: divination: detect creatures
   772 | D:2      | Reached XP level 3. HP: 31/31 MP: 3/3
   966 | D:2      | HP: 1/31 [poisoned by an adder]
   966 | D:2      | Slain by an adder

Levels and vault maps discovered:
D:1:      minmay_arrival_arboretum_small, layout_basic, hangedman_decor_points
D:2:      layout_basic

Skill      XL: |  1  2 |
---------------+-------+-----
Throwing       | 1 |  1.1
Fighting       | |  3.6
Slings         | |  0.7
Armour         | |  1.3
Dodging        | |  0.6
Unarmed Combat | |  3.4

Action                   || total
-------------------------++-------
Melee: Unarmed           ||    80
       Kick              ||     9
       Punch             ||     1
       Hunting sling     ||    14
 Fire: Hunting sling     ||    11
Throw: Stone             ||     4
  Use: Scroll            ||     4
  Eat: Chunk             ||    21
Armor: Leather armour    ||    70
Dodge: Dodged            ||    50
